New York Rangers vs St.Louis Blues
Created - Wednesday, February 19, 2025 at 08:54
Goals
|
| New York Rangers |
1 |
0 |
1 |
2 |
| St.Louis Blues |
4 |
1 |
4 |
9 |
|
Shots
|
| New York Rangers |
11 |
11 |
10 |
32 |
| St.Louis Blues |
17 |
10 |
20 |
47 |
|
1st period
1. St.Louis Blues , Jack Eichel 7 (Jake Guentzel 8, Brayden Point 7) at 6:15
2. St.Louis Blues , Brayden Point 7 (Jake Guentzel 9, Jack Eichel 8) at 7:25
3. St.Louis Blues , Robert Thomas 3 (Elias Pettersson 6, Mark Stone 4) at 8:14
4. New York Rangers , Joe Pavelski 4 (Nikolaj Ehlers 10, Cole Caufield 6) at 17:24 (PP)
5. St.Louis Blues , Jack Eichel 8 (Colton Parayko 4, Jake Guentzel 10) at 17:42
Penalties :
Brendan Smith (NYR) for Roughing (Minor) at 13:28, Ryan Hartman (STL) for Delaying the game (Minor) at 16:51
2nd period
6. St.Louis Blues , Logan O'Connor 2 (Ryan Hartman 5, Lars Eller 2) at 16:20
Penalties :
Matthew Benning (NYR) for High sticking (Minor) at 3:00, Kevin Lankinen (NYR) for Slashing (Minor) at 8:15 - Cam Fowler served the penalty, Mikael Granlund (NYR) for Holding (Minor) at 13:39
3rd period
7. St.Louis Blues , Jake Guentzel 4 (Jack Eichel 9) at 7:04
8. St.Louis Blues , Jack Eichel 9 (Brayden Point 8, Colton Parayko 5) at 8:23
9. St.Louis Blues , Robert Thomas 4 (Brayden Point 9, Jack Eichel 10) at 8:48 (PP)
10. New York Rangers , Cam Fowler 2 (Mathew Barzal 9, Conor Garland 6) at 16:00
11. St.Louis Blues , Brayden Point 8 (Jake Guentzel 11, Jack Eichel 11) at 17:44
Penalties :
Jaccob Slavin (STL) for Fighting (Major) at 8:32, Jake McCabe (NYR) for Fighting (Major) at 8:32, Jake McCabe (NYR) for instigated a fight (Minor) at 8:32, Jake McCabe (NYR) for instigated a fight (10 Minutes Misconduct) at 8:32, Cam Fowler (NYR) for Roughing (Minor) at 12:08, Nathan MacKinnon (NYR) for Tripping (Minor) at 17:47
Goalie Stats
Igor Shesterkin (NYR), 11 saves from 15 shots - (0.733), 13:08 minutes
Kevin Lankinen (NYR), 27 saves from 32 shots - (0.844), L, 1-1-0, 46:52 minutes
Scott Wedgewood (STL), 30 saves from 32 shots - (0.938), W, 4-2-0, 60:00 minutes
Players Stats for New York Rangers
Player Name G A P +/- PIM S H SB GA TA FO MP PP MP PK MP
------------------------------------------------------------------------------------
Adam Larsson 0 0 0 -7 0 1 2 2 0 0 0/0 27:38 0:00 5:52
Artemi Panarin 0 0 0 -1 0 4 2 1 0 0 0/1 13:01 0:20 0:00
Brendan Smith 0 0 0 0 2 2 5 1 0 1 0/0 20:02 0:00 6:09
Cam Fowler 1 0 1 -6 2 1 1 0 1 0 0/0 22:55 0:00 3:13
Cole Caufield 0 1 1 -1 0 2 1 0 1 1 0/1 14:23 0:13 0:01
Conor Garland 0 1 1 0 0 1 0 0 0 0 0/0 5:53 0:00 0:00
David Kampf 0 0 0 0 0 2 0 0 0 0 10/16 12:04 0:00 5:34
Dylan Strome 0 0 0 -1 0 1 1 0 1 0 6/13 14:18 0:20 0:00
Jake McCabe 0 0 0 -1 17 1 3 2 0 0 0/0 14:05 0:00 0:07
Jake Walman 0 0 0 -1 0 3 1 1 0 0 0/0 22:18 0:33 5:09
Joe Pavelski 1 0 1 -5 0 2 0 0 1 0 1/2 14:35 0:13 0:12
Mathew Barzal 0 1 1 0 0 5 0 0 0 0 0/1 15:21 0:20 0:00
Matthew Benning 0 0 0 0 2 0 0 0 0 0 0/0 11:38 0:00 3:50
Mikael Granlund 0 0 0 -5 2 2 0 0 1 0 6/15 20:03 0:33 5:34
Nathan MacKinnon 0 0 0 -1 2 3 2 0 0 1 8/14 12:53 0:00 0:00
Nikolaj Ehlers 0 1 1 -1 0 1 0 0 0 0 0/0 14:14 0:13 1:03
Teuvo Teravainen 0 0 0 -5 0 1 0 0 1 1 0/0 20:32 0:00 6:35
Tyler Motte 0 0 0 0 0 0 1 2 0 0 0/1 12:04 0:00 5:34
Players Stats for St.Louis Blues
Player Name G A P +/- PIM S H SB GA TA FO MP PP MP PK MP
------------------------------------------------------------------------------------
Alex Pietrangelo 0 0 0 3 0 0 1 0 0 0 0/0 20:49 0:00 0:00
Alex Tuch 0 0 0 -1 0 1 4 0 0 1 0/0 15:42 4:55 0:19
Brayden Point 2 3 5 6 0 5 2 0 0 0 2/3 23:26 6:17 0:00
Colton Parayko 0 2 2 3 0 4 1 2 0 1 0/0 21:22 0:00 0:33
Elias Lindholm 0 0 0 -1 0 3 1 1 1 0 3/7 15:45 5:53 0:19
Elias Pettersson 0 1 1 1 0 2 2 1 0 0 2/3 19:33 7:15 0:00
Jaccob Slavin 0 0 0 3 5 0 0 2 0 0 0/0 14:42 0:00 0:00
Jack Eichel 3 4 7 6 0 10 1 2 1 0 11/25 25:10 7:15 0:00
Jake Guentzel 1 4 5 6 0 4 1 0 0 1 0/0 23:26 6:17 0:00
Jake Sanderson 0 0 0 3 0 0 0 1 0 1 0/0 17:03 0:00 0:33
Lars Eller 0 1 1 1 0 2 0 0 0 0 1/2 9:36 0:00 0:14
Logan O'Connor 1 0 1 1 0 1 0 0 0 0 1/1 9:36 0:00 0:14
Mark Stone 0 1 1 1 0 5 2 0 0 2 1/3 17:22 5:53 0:00
Mikhail Sergachev 0 0 0 1 0 0 1 1 0 0 0/0 15:41 4:55 0:00
Nick Leddy 0 0 0 1 0 1 0 0 0 0 0/0 7:42 0:00 0:00
Robert Thomas 2 0 2 1 0 4 0 0 1 0 11/19 17:43 6:17 0:00
Ryan Hartman 0 1 1 1 2 3 0 0 0 0 1/1 9:21 0:00 0:00
Tage Thompson 0 0 0 -1 0 2 1 0 1 0 0/0 15:26 5:53 0:00
3 Stars
1 - Jack Eichel (STL)
2 - Brayden Point (STL)
3 - Jake Guentzel (STL)
Power Play
New York Rangers - 1 on 1 Attempt(s) - 100.00%
St.Louis Blues - 1 on 7 Attempt(s) - 14.29%
Penalty Kill
New York Rangers - 6 on 7 Attempt(s) - 85.71%
- Score 0 goal in Penalty Kill
St.Louis Blues - 0 on 1 Attempt(s) - 0.00%
- Score 0 goal in Penalty Kill
Team Stat
New York Rangers - Hits : 19 - Faceoff Wins : 31 - Blocked Shots : 9 - Penalty Minutes : 29
St.Louis Blues - Hits : 17 - Faceoff Wins : 33 - Blocked Shots : 10 - Penalty Minutes : 7
Official
Referees : Kyle Rehman and Reid Anderson
Linesman : Michel Cormier and Kyle Flemington
Game Notes
Matthew Benning is injured at 15:20 of 2nd period (Right Leg)
Kevin Lankinen is injured at 6:52 of 3rd period (Sports Hernia)
Igor Shesterkin enters game at 6:52 of 3rd period
Jack Eichel has scored a Hat Trick!
Jake McCabe beats up Jaccob Slavin at 8:32 of 3rd period
Finance
Level 1 -- Attendance: 5781 (96.35%) -- Ticket Income $549,195
Level 2 -- Attendance: 4865 (97.30%) -- Ticket Income $277,305
Level 3 -- Attendance: 2966 (98.87%) -- Ticket Income $97,878
Level 4 -- Attendance: 4508 (90.16%) -- Ticket Income $103,684
Luxury Box -- Attendance: 906 (90.60%) -- Ticket Income $175,764
Game was played at the Scottrade Center.
Total Attendance: 19026 (95.13%)
Total Ticket Income: $1,203,826
Other Income: $421,339
Total Income: $1,625,165
New York Rangers
5 vs 5 Forward
Center Left Wing Right Wing Time % Phy DF OF
1 Dylan Strome Cole Caufield Mathew Barzal 32 0 1 4
2 Nathan MacKinnon Artemi Panarin Nikolaj Ehlers 29 1 1 3
3 Mikael Granlund Teuvo Teravainen Joe Pavelski 29 1 2 2
4 David Kampf Conor Garland Tyler Motte 10 1 3 1
5 vs 5 Defense
Defense Defense Time % Phy DF OF
1 Cam Fowler Adam Larsson 36 1 2 2
2 Jake McCabe Jake Walman 34 1 2 2
3 Brendan Smith Matthew Benning 30 1 2 2
4 Cam Fowler Jake McCabe 0 1 2 2
PowerPlay Forward
Center Left Wing Right Wing Time % Phy DF OF
1 Dylan Strome Artemi Panarin Mathew Barzal 60 0 1 4
2 Joe Pavelski Cole Caufield Nikolaj Ehlers 40 0 1 4
PowerPlay Defense
Defense Defense Time % Phy DF OF
1 Cam Fowler Nathan MacKinnon 60 0 2 3
2 Mikael Granlund Jake Walman 40 0 2 3
Penalty Kill 4 Players Forward
Center Wing Time % Phy DF OF
1 David Kampf Tyler Motte 50 1 3 1
2 Mikael Granlund Teuvo Teravainen 50 1 3 1
Penalty Kill 4 Players Defense
Defense Defense Time % Phy DF OF
1 Jake Walman Brendan Smith 50 1 3 1
2 Matthew Benning Cam Fowler 50 1 3 1
Penalty Kill - 3 Players Forward
Forward Time % Phy DF OF
1 David Kampf 50 1 4 0
2 Mikael Granlund 50 1 4 0
Penalty Kill - 3 Players Defense
Defense Defense Time % Phy DF OF
1 Jake Walman Brendan Smith 50 1 4 0
2 Matthew Benning Cam Fowler 50 1 4 0
4 vs 4 Forward
Center Wing Time % Phy DF OF
1 Nathan MacKinnon Artemi Panarin 50 1 2 2
2 Dylan Strome Cole Caufield 50 1 2 2
4 vs 4 Defense
Defense Defense Time % Phy DF OF
1 Cam Fowler Jake McCabe 50 1 2 2
2 Adam Larsson Jake Walman 50 1 2 2
Last Minutes Offensive
Center Left Wing Right Wing Defense Defense
Nathan MacKinnon Artemi Panarin Mathew Barzal Cam Fowler Jake Walman
Last Minutes Defensive
Center Left Wing Right Wing Defense Defense
David Kampf Mikael Granlund Tyler Motte Matthew Benning Brendan Smith
Goaltenders
Starting : Kevin Lankinen
Backup : Igor Shesterkin
Extra Forwards
Normal : Dylan Strome, Joe Pavelski, Nikolaj Ehlers - PP : Dylan Strome, Conor Garland - PK : Nikolaj Ehlers
Extra Defensemen
Normal : Brendan Smith, Matthew Benning, Adam Larsson - PP : Brendan Smith - PK : Matthew Benning, Adam Larsson
Penalty Shots
Artemi Panarin, Dylan Strome, Cole Caufield, Conor Garland, Nathan MacKinnon
Scratches
Marcus Foligno (Suspend)
St.Louis Blues
5 vs 5 Forward
Center Left Wing Right Wing Time % Phy DF OF
1 Jack Eichel Jake Guentzel Brayden Point 40 0 2 3
2 Robert Thomas Elias Pettersson Mark Stone 31 0 2 3
3 Elias Lindholm Alex Tuch Tage Thompson 22 0 3 2
4 Lars Eller Logan O'Connor Ryan Hartman 7 1 2 2
5 vs 5 Defense
Defense Defense Time % Phy DF OF
1 Colton Parayko Alex Pietrangelo 45 1 2 2
2 Jake Sanderson Jaccob Slavin 35 1 2 2
3 Mikhail Sergachev Nick Leddy 20 1 2 2
4 Colton Parayko Alex Pietrangelo 0 1 2 2
PowerPlay Forward
Center Left Wing Right Wing Time % Phy DF OF
1 Robert Thomas Brayden Point Jake Guentzel 60 1 0 4
2 Elias Lindholm Tage Thompson Mark Stone 40 1 0 4
PowerPlay Defense
Defense Defense Time % Phy DF OF
1 Jack Eichel Elias Pettersson 60 0 1 4
2 Alex Tuch Mikhail Sergachev 40 0 1 4
Penalty Kill 4 Players Forward
Center Wing Time % Phy DF OF
1 Lars Eller Logan O'Connor 50 1 4 0
2 Elias Lindholm Alex Tuch 50 1 4 0
Penalty Kill 4 Players Defense
Defense Defense Time % Phy DF OF
1 Jake Sanderson Colton Parayko 50 1 4 0
2 Jaccob Slavin Nick Leddy 50 1 4 0
Penalty Kill - 3 Players Forward
Forward Time % Phy DF OF
1 Elias Lindholm 50 0 5 0
2 Lars Eller 50 0 5 0
Penalty Kill - 3 Players Defense
Defense Defense Time % Phy DF OF
1 Jake Sanderson Colton Parayko 50 0 5 0
2 Nick Leddy Alex Pietrangelo 50 0 5 0
4 vs 4 Forward
Center Wing Time % Phy DF OF
1 Jack Eichel Jake Guentzel 50 0 2 3
2 Robert Thomas Brayden Point 50 0 2 3
4 vs 4 Defense
Defense Defense Time % Phy DF OF
1 Jake Sanderson Alex Pietrangelo 50 0 3 2
2 Colton Parayko Mikhail Sergachev 50 0 3 2
Last Minutes Offensive
Center Left Wing Right Wing Defense Defense
Robert Thomas Elias Pettersson Jake Guentzel Brayden Point Jack Eichel
Last Minutes Defensive
Center Left Wing Right Wing Defense Defense
Lars Eller Logan O'Connor Elias Lindholm Jake Sanderson Colton Parayko
Goaltenders
Starting : Scott Wedgewood
Backup : Connor Hellebuyck
Extra Forwards
Normal : Tage Thompson, Mark Stone, Alex Tuch - PP : Tage Thompson, Ryan Hartman - PK : Robert Thomas
Extra Defensemen
Normal : Jake Sanderson, Mikhail Sergachev, Colton Parayko - PP : Mikhail Sergachev - PK : Jaccob Slavin, Nick Leddy
Penalty Shots
Elias Pettersson, Tage Thompson, Alex Tuch, Robert Thomas, Jake Guentzel
Scratches
Yanni Gourde (Healthy), Dakota Joshua (Healthy), Adam Pelech (Healthy)
% Time on Ice - New York Rangers
Lines # - Real PCT - Wanted PCT - Time Play
Normal Forward
1 - 31% - 32% - 14:46
2 - 27% - 29% - 12:47
3 - 29% - 29% - 13:51
4 - 12% - 10% - 5:53
Normal Defense
1 - 36% - 36% - 17:02
2 - 34% - 34% - 16:08
3 - 26% - 30% - 12:22
4 - 4% - 0% - 1:45
PP Forward
1 - 61% - 60% - 0:20
2 - 39% - 40% - 0:13
PP Defense
1 - 0% - 60% - 0:00
2 - 100% - 40% - 0:33
PK Forward
1 - 46% - 50% - 5:35
2 - 54% - 50% - 6:35
PK Defense
1 - 46% - 50% - 5:38
2 - 54% - 50% - 6:32
PK3 Forward
1 - 0% - 50%
2 - 0% - 50%
PK3 Defense
1 - 0% - 50%
2 - 0% - 50%
44 Forward
1 - 0% - 50%
2 - 0% - 50%
44 Defense
1 - 0% - 50%
2 - 0% - 50%
Last Minute Offensive - 0:00
Last Minute Defensive - 0:00
Total
Forward - 60:00
Defense - 60:00
|
% Time on Ice - St.Louis Blues
Lines # - Real PCT - Wanted PCT - Time Play
Normal Forward
1 - 36% - 40% - 17:09
2 - 24% - 31% - 11:29
3 - 20% - 22% - 9:17
4 - 20% - 7% - 9:22
Normal Defense
1 - 46% - 45% - 21:48
2 - 38% - 35% - 17:47
3 - 16% - 20% - 7:42
4 - 0% - 0% - 0:00
PP Forward
1 - 52% - 60% - 6:17
2 - 48% - 40% - 5:53
PP Defense
1 - 60% - 60% - 7:15
2 - 40% - 40% - 4:55
PK Forward
1 - 42% - 50% - 0:14
2 - 58% - 50% - 0:19
PK Defense
1 - 100% - 50% - 0:33
2 - 0% - 50% - 0:00
PK3 Forward
1 - 0% - 50%
2 - 0% - 50%
PK3 Defense
1 - 0% - 50%
2 - 0% - 50%
44 Forward
1 - 0% - 50%
2 - 0% - 50%
44 Defense
1 - 0% - 50%
2 - 0% - 50%
Last Minute Offensive - 0:00
Last Minute Defensive - 0:00
Total
Forward - 60:00
Defense - 60:00
|
Play-by-Play
1st period
0:01 of 1st period - Dylan Strome wins face-off versus Jack Eichel in neutral zone.
0:53 of 1st period - Slapshot by Joe Pavelski.
0:53 of 1st period - Stopped by Scott Wedgewood with a rebound.
1:33 of 1st period - Wrist shot by Artemi Panarin.
1:33 of 1st period - Stopped by Scott Wedgewood with a rebound.
1:35 of 1st period - Slapshot by Jake Walman.
1:35 of 1st period - Stopped by Scott Wedgewood with a rebound.
1:37 of 1st period - Backhand shot by Jake McCabe.
1:37 of 1st period - Shot Blocked by Jaccob Slavin.
1:39 of 1st period - Slapshot by Jake Walman.
1:39 of 1st period - Shot Blocked by Jake Sanderson.
1:49 of 1st period - Jake Guentzel is hit by Jake McCabe and loses puck.
1:54 of 1st period - Backhand shot by Teuvo Teravainen.
1:54 of 1st period - Stopped by Scott Wedgewood without a rebound.
1:55 of 1st period - Mark Stone wins face-off versus Mikael Granlund in St.Louis Blues zone.
2:27 of 1st period - Snap shot by Mathew Barzal.
2:27 of 1st period - Stopped by Scott Wedgewood with a rebound.
2:57 of 1st period - Wrist shot by Nathan MacKinnon.
2:57 of 1st period - Stopped by Scott Wedgewood with a rebound.
3:14 of 1st period - Snap shot by Joe Pavelski.
3:14 of 1st period - Shot Misses the Net.
3:52 of 1st period - Snap shot by Tage Thompson.
3:52 of 1st period - Stopped by Kevin Lankinen without a rebound.
3:53 of 1st period - Elias Lindholm wins face-off versus Cole Caufield in New York Rangers zone.
4:10 of 1st period - Slapshot by Cole Caufield.
4:10 of 1st period - Shot Misses the Net.
4:28 of 1st period - Wrist shot by Robert Thomas.
4:28 of 1st period - Shot Misses the Net.
4:30 of 1st period - Slapshot by Robert Thomas.
4:30 of 1st period - Shot Misses the Net.
4:32 of 1st period - Snap shot by Elias Pettersson.
4:32 of 1st period - Shot Misses the Net.
4:34 of 1st period - Slapshot by Jake Sanderson.
4:34 of 1st period - Shot Misses the Net.
4:54 of 1st period - Teuvo Teravainen is hit by Jack Eichel.
5:34 of 1st period - Snap shot by Robert Thomas.
5:34 of 1st period - Deflect By Mark Stone.
5:34 of 1st period - Shot Blocked by Tyler Motte.
5:34 of 1st period - Puck is out of play.
5:35 of 1st period - Nathan MacKinnon wins face-off versus Robert Thomas in New York Rangers zone.
6:15 of 1st period - Wrist shot by Jack Eichel.
6:15 of 1st period - Goal by Jack Eichel - New York Rangers : 0 - St.Louis Blues : 1.
6:16 of 1st period - Jack Eichel wins face-off versus Dylan Strome in neutral zone.
6:25 of 1st period - Jake Guentzel is hit by Brendan Smith and loses puck.
6:46 of 1st period - Mikael Granlund is hit by Elias Pettersson and loses puck.
7:05 of 1st period - Snap shot by Nathan MacKinnon.
7:05 of 1st period - Shot Misses the Net.
7:11 of 1st period - Slapshot by Nathan MacKinnon.
7:11 of 1st period - Stopped by Scott Wedgewood with a rebound.
7:13 of 1st period - Slapshot by Matthew Benning.
7:13 of 1st period - Shot Blocked by Elias Lindholm.
7:15 of 1st period - Snap shot by Artemi Panarin.
7:15 of 1st period - Deflect By Nathan MacKinnon.
7:15 of 1st period - Shot Misses the Net.
7:15 of 1st period - Puck is out of play.
7:16 of 1st period - Jack Eichel wins face-off versus Dylan Strome in St.Louis Blues zone.
7:21 of 1st period - Slapshot by Jack Eichel.
7:21 of 1st period - Deflect By Cam Fowler.
7:21 of 1st period - Stopped by Kevin Lankinen with a rebound.
7:23 of 1st period - Wrist shot by Jake Guentzel.
7:23 of 1st period - Shot Misses the Net.
7:25 of 1st period - Wrist shot by Brayden Point.
7:25 of 1st period - Goal by Brayden Point - New York Rangers : 0 - St.Louis Blues : 2.
7:26 of 1st period - Dylan Strome wins face-off versus Jack Eichel in neutral zone.
7:33 of 1st period - Alex Pietrangelo is hit by Jake Walman and loses puck.
7:52 of 1st period - Jake Walman is hit by Alex Pietrangelo.
7:56 of 1st period - Slapshot by Artemi Panarin.
7:56 of 1st period - Stopped by Scott Wedgewood without a rebound.
7:57 of 1st period - Robert Thomas wins face-off versus Mikael Granlund in St.Louis Blues zone.
8:10 of 1st period - Snap shot by Mark Stone.
8:10 of 1st period - Shot Blocked by Adam Larsson.
8:12 of 1st period - Snap shot by Elias Pettersson.
8:12 of 1st period - Stopped by Kevin Lankinen with a rebound.
8:14 of 1st period - Slapshot by Robert Thomas.
8:14 of 1st period - Goal by Robert Thomas - New York Rangers : 0 - St.Louis Blues : 3.
8:15 of 1st period - Nathan MacKinnon wins face-off versus Jack Eichel in neutral zone.
8:30 of 1st period - Alex Pietrangelo is hit by Nathan MacKinnon.
9:26 of 1st period - Icing by Mikael Granlund.
9:27 of 1st period - Mikael Granlund wins face-off versus Lars Eller in New York Rangers zone.
10:23 of 1st period - Mikhail Sergachev is hit by Tyler Motte and loses puck.
10:38 of 1st period - Joe Pavelski is hit by Alex Tuch and loses puck.
10:57 of 1st period - Colton Parayko is hit by Artemi Panarin and loses puck.
11:08 of 1st period - Slapshot by Artemi Panarin.
11:08 of 1st period - Deflect By Alex Pietrangelo.
11:08 of 1st period - Shot Misses the Net.
11:08 of 1st period - Puck is out of play.
11:09 of 1st period - Dylan Strome wins face-off versus Jack Eichel in St.Louis Blues zone.
11:10 of 1st period - Snap shot by Mathew Barzal.
11:10 of 1st period - Shot Blocked by Jaccob Slavin.
11:12 of 1st period - Slapshot by Jake McCabe.
11:12 of 1st period - Shot Blocked by Jack Eichel.
11:14 of 1st period - Wrist shot by Mathew Barzal.
11:14 of 1st period - Stopped by Scott Wedgewood without a rebound.
11:15 of 1st period - Dylan Strome wins face-off versus Jack Eichel in St.Louis Blues zone.
11:16 of 1st period - Snap shot by Cole Caufield.
11:16 of 1st period - Stopped by Scott Wedgewood with a rebound.
11:41 of 1st period - Jaccob Slavin is hit by Nathan MacKinnon and loses puck.
11:48 of 1st period - Slapshot by Jake Sanderson.
11:48 of 1st period - Shot Misses the Net.
12:32 of 1st period - Alex Pietrangelo is hit by Brendan Smith and loses puck.
12:51 of 1st period - Wrist shot by Mark Stone.
12:51 of 1st period - Stopped by Kevin Lankinen without a rebound.
12:52 of 1st period - Robert Thomas wins face-off versus David Kampf in New York Rangers zone.
12:55 of 1st period - Wrist shot by Robert Thomas.
12:55 of 1st period - Stopped by Kevin Lankinen with a rebound.
13:28 of 1st period - Minor Penalty to Brendan Smith for Roughing.
13:29 of 1st period - Mikael Granlund wins face-off versus Robert Thomas in New York Rangers zone.
14:03 of 1st period - Tyler Motte is hit by Tage Thompson and loses puck.
14:24 of 1st period - Icing by Mikhail Sergachev.
14:25 of 1st period - David Kampf wins face-off versus Mark Stone in St.Louis Blues zone.
14:37 of 1st period - Wrist shot by Mark Stone.
14:37 of 1st period - Stopped by Kevin Lankinen without a rebound.
14:38 of 1st period - Robert Thomas wins face-off versus Mikael Granlund in New York Rangers zone.
14:41 of 1st period - Backhand shot by Brayden Point.
14:41 of 1st period - Shot Misses the Net.
15:12 of 1st period - Slapshot by Mark Stone.
15:12 of 1st period - Shot Misses the Net.
15:14 of 1st period - Wrist shot by Elias Lindholm.
15:14 of 1st period - Stopped by Kevin Lankinen without a rebound.
15:15 of 1st period - David Kampf wins face-off versus Mark Stone in New York Rangers zone.
15:26 of 1st period - Snap shot by Tage Thompson.
15:26 of 1st period - Deflect By Mark Stone.
15:26 of 1st period - Stopped by Kevin Lankinen with a rebound.
15:28 of 1st period - Penalty to Brendan Smith is over, Brendan Smith is back on ice.
15:28 of 1st period - Snap shot by Mark Stone.
15:28 of 1st period - Shot Misses the Net.
15:30 of 1st period - Slapshot by Elias Pettersson.
15:30 of 1st period - Deflect By Mark Stone.
15:30 of 1st period - Stopped by Kevin Lankinen without a rebound.
15:31 of 1st period - Nathan MacKinnon wins face-off versus Jack Eichel in New York Rangers zone.
15:50 of 1st period - Cam Fowler is hit by Jake Guentzel and loses puck.
16:34 of 1st period - Wrist shot by Mathew Barzal.
16:34 of 1st period - Shot Misses the Net.
16:51 of 1st period - Minor Penalty to Ryan Hartman for Delaying the game.
16:52 of 1st period - Lars Eller wins face-off versus Dylan Strome in St.Louis Blues zone.
17:24 of 1st period - Wrist shot by Joe Pavelski.
17:24 of 1st period - Goal by Joe Pavelski - New York Rangers : 1 - St.Louis Blues : 3.
17:25 of 1st period - Jack Eichel wins face-off versus Nathan MacKinnon in neutral zone.
17:30 of 1st period - Snap shot by Jack Eichel.
17:30 of 1st period - Shot Misses the Net.
17:32 of 1st period - Snap shot by Jack Eichel.
17:32 of 1st period - Shot Misses the Net.
17:34 of 1st period - Slapshot by Colton Parayko.
17:34 of 1st period - Stopped by Kevin Lankinen with a rebound.
17:36 of 1st period - Wrist shot by Jack Eichel.
17:36 of 1st period - Stopped by Kevin Lankinen with a rebound.
17:38 of 1st period - Slapshot by Colton Parayko.
17:38 of 1st period - Shot Blocked by Jake McCabe.
17:40 of 1st period - Wrist shot by Colton Parayko.
17:40 of 1st period - Stopped by Kevin Lankinen with a rebound.
17:42 of 1st period - Backhand shot by Jack Eichel.
17:42 of 1st period - Goal by Jack Eichel - New York Rangers : 1 - St.Louis Blues : 4.
17:43 of 1st period - Brayden Point wins face-off versus Dylan Strome in neutral zone.
17:48 of 1st period - Slapshot by Jack Eichel.
17:48 of 1st period - Stopped by Kevin Lankinen with a rebound.
18:22 of 1st period - Snap shot by Mark Stone.
18:22 of 1st period - Shot Blocked by Jake McCabe.
Goals for this period are 1 for New York Rangers vs 4 for St.Louis Blues.
Shots for this period are 11 for New York Rangers vs 17 for St.Louis Blues.
2nd period
0:01 of 2nd period - Jack Eichel wins face-off versus Nathan MacKinnon in neutral zone.
0:27 of 2nd period - Cole Caufield is hit by Colton Parayko and loses puck.
0:59 of 2nd period - Off-side.
1:00 of 2nd period - Jack Eichel wins face-off versus Mathew Barzal in neutral zone.
1:10 of 2nd period - Wrist shot by Jack Eichel.
1:10 of 2nd period - Stopped by Kevin Lankinen with a rebound.
1:12 of 2nd period - Slapshot by Brayden Point.
1:12 of 2nd period - Stopped by Kevin Lankinen with a rebound.
3:00 of 2nd period - Minor Penalty to Matthew Benning for High sticking.
3:01 of 2nd period - David Kampf wins face-off versus Robert Thomas in New York Rangers zone.
3:37 of 2nd period - Backhand shot by Tage Thompson.
3:37 of 2nd period - Shot Blocked by Tyler Motte.
3:39 of 2nd period - Slapshot by Alex Tuch.
3:39 of 2nd period - Shot Misses the Net.
4:47 of 2nd period - Adam Larsson is hit by Alex Tuch and loses puck.
5:00 of 2nd period - Penalty to Matthew Benning is over, Matthew Benning is back on ice.
5:14 of 2nd period - Alex Tuch is hit by Artemi Panarin and loses puck.
5:41 of 2nd period - Jack Eichel is hit by Jake McCabe and loses puck.
6:31 of 2nd period - Jaccob Slavin is hit by Jake McCabe and loses puck.
7:05 of 2nd period - Alex Pietrangelo is hit by Brendan Smith and loses puck.
7:45 of 2nd period - Icing by Jake Walman.
7:46 of 2nd period - Robert Thomas wins face-off versus Joe Pavelski in New York Rangers zone.
8:05 of 2nd period - Wrist shot by Ryan Hartman.
8:05 of 2nd period - Shot Hit the Post.
8:07 of 2nd period - Wrist shot by Lars Eller.
8:07 of 2nd period - Stopped by Kevin Lankinen without a rebound.
8:08 of 2nd period - Logan O'Connor wins face-off versus Dylan Strome in New York Rangers zone.
8:15 of 2nd period - Backhand shot by Ryan Hartman.
8:15 of 2nd period - Stopped by Kevin Lankinen without a rebound.
8:15 of 2nd period - Minor Penalty to Kevin Lankinen for Slashing.
8:16 of 2nd period - David Kampf wins face-off versus Robert Thomas in New York Rangers zone.
9:04 of 2nd period - Icing by Alex Tuch.
9:05 of 2nd period - Robert Thomas wins face-off versus Mikael Granlund in St.Louis Blues zone.
10:07 of 2nd period - Teuvo Teravainen is hit by Mark Stone and loses puck.
10:15 of 2nd period - Penalty to Cam Fowler is over, Cam Fowler is back on ice.
10:28 of 2nd period - Cam Fowler is hit by Mikhail Sergachev.
10:32 of 2nd period - Snap shot by Artemi Panarin.
10:32 of 2nd period - Stopped by Scott Wedgewood with a rebound.
10:47 of 2nd period - Icing by Cole Caufield.
10:48 of 2nd period - Elias Pettersson wins face-off versus Dylan Strome in New York Rangers zone.
11:15 of 2nd period - Snap shot by Cole Caufield.
11:15 of 2nd period - Shot Misses the Net.
11:17 of 2nd period - Wrist shot by Jake Walman.
11:17 of 2nd period - Shot Misses the Net.
13:09 of 2nd period - Slapshot by Mathew Barzal.
13:09 of 2nd period - Stopped by Scott Wedgewood with a rebound.
13:11 of 2nd period - Slapshot by Jake Walman.
13:11 of 2nd period - Stopped by Scott Wedgewood with a rebound.
13:13 of 2nd period - Slapshot by Jake McCabe.
13:13 of 2nd period - Shot Blocked by Colton Parayko.
13:15 of 2nd period - Wrist shot by Mathew Barzal.
13:15 of 2nd period - Stopped by Scott Wedgewood without a rebound.
13:16 of 2nd period - Mikael Granlund wins face-off versus Jack Eichel in St.Louis Blues zone.
13:39 of 2nd period - Minor Penalty to Mikael Granlund for Holding.
13:40 of 2nd period - Robert Thomas wins face-off versus David Kampf in New York Rangers zone.
13:47 of 2nd period - Slapshot by Jake Guentzel.
13:47 of 2nd period - Stopped by Kevin Lankinen without a rebound.
13:48 of 2nd period - David Kampf wins face-off versus Robert Thomas in New York Rangers zone.
14:33 of 2nd period - Slapshot by Nikolaj Ehlers.
14:33 of 2nd period - Shot Blocked by Elias Pettersson.
15:19 of 2nd period - Matthew Benning is hit by Elias Pettersson and loses puck.
15:20 of 2nd period - Matthew Benning from New York Rangers is injured at 15:20 of 2nd period (Right Leg).
15:21 of 2nd period - Robert Thomas wins face-off versus David Kampf in New York Rangers zone.
15:39 of 2nd period - Penalty to Mikael Granlund is over, Mikael Granlund is back on ice.
15:50 of 2nd period - Slapshot by Mathew Barzal.
15:50 of 2nd period - Deflect By Dylan Strome.
15:50 of 2nd period - Stopped by Scott Wedgewood with a rebound.
15:52 of 2nd period - Slapshot by Jake Walman.
15:52 of 2nd period - Stopped by Scott Wedgewood with a rebound.
15:54 of 2nd period - Slapshot by Brendan Smith.
15:54 of 2nd period - Stopped by Scott Wedgewood with a rebound.
15:56 of 2nd period - Snap shot by Mathew Barzal.
15:56 of 2nd period - Shot Misses the Net.
16:14 of 2nd period - Slapshot by Elias Pettersson.
16:14 of 2nd period - Stopped by Kevin Lankinen without a rebound.
16:15 of 2nd period - Ryan Hartman wins face-off versus David Kampf in New York Rangers zone.
16:16 of 2nd period - Snap shot by Lars Eller.
16:16 of 2nd period - Shot Misses the Net.
16:18 of 2nd period - Snap shot by Ryan Hartman.
16:18 of 2nd period - Stopped by Kevin Lankinen with a rebound.
16:20 of 2nd period - Snap shot by Ryan Hartman.
16:20 of 2nd period - Deflect By Logan O'Connor.
16:20 of 2nd period - Goal by Logan O'Connor - New York Rangers : 1 - St.Louis Blues : 5.
16:21 of 2nd period - Nathan MacKinnon wins face-off versus Jack Eichel in neutral zone.
16:28 of 2nd period - Wrist shot by Artemi Panarin.
16:28 of 2nd period - Shot Misses the Net.
16:30 of 2nd period - Snap shot by Nikolaj Ehlers.
16:30 of 2nd period - Stopped by Scott Wedgewood with a rebound.
16:32 of 2nd period - Snap shot by Nikolaj Ehlers.
16:32 of 2nd period - Shot Misses the Net.
16:34 of 2nd period - Slapshot by Adam Larsson.
16:34 of 2nd period - Shot Blocked by Colton Parayko.
16:36 of 2nd period - Snap shot by Adam Larsson.
16:36 of 2nd period - Shot Misses the Net.
17:15 of 2nd period - Alex Tuch is hit by Cole Caufield and loses puck.
17:58 of 2nd period - Wrist shot by Robert Thomas.
17:58 of 2nd period - Stopped by Kevin Lankinen with a rebound.
18:06 of 2nd period - Snap shot by Artemi Panarin.
18:06 of 2nd period - Shot Misses the Net.
18:08 of 2nd period - Slapshot by Cam Fowler.
18:08 of 2nd period - Deflect By Artemi Panarin.
18:08 of 2nd period - Stopped by Scott Wedgewood without a rebound.
18:09 of 2nd period - Mikael Granlund wins face-off versus Jack Eichel in St.Louis Blues zone.
18:20 of 2nd period - Slapshot by Brayden Point.
18:20 of 2nd period - Shot Misses the Net.
18:22 of 2nd period - Slapshot by Colton Parayko.
18:22 of 2nd period - Stopped by Kevin Lankinen without a rebound.
18:23 of 2nd period - Brayden Point wins face-off versus Nathan MacKinnon in New York Rangers zone.
18:32 of 2nd period - Wrist shot by Jack Eichel.
18:32 of 2nd period - Shot Misses the Net.
19:13 of 2nd period - Dylan Strome is hit by Alex Tuch and loses puck.
19:32 of 2nd period - Snap shot by Conor Garland.
19:32 of 2nd period - Stopped by Scott Wedgewood with a rebound.
19:34 of 2nd period - Slapshot by Brendan Smith.
19:34 of 2nd period - Shot Blocked by Mikhail Sergachev.
19:36 of 2nd period - Slapshot by Brendan Smith.
19:36 of 2nd period - Deflect By Jake Guentzel.
19:36 of 2nd period - Stopped by Scott Wedgewood without a rebound.
19:37 of 2nd period - David Kampf wins face-off versus Jack Eichel in St.Louis Blues zone.
Goals for this period are 0 for New York Rangers vs 1 for St.Louis Blues.
Shots for this period are 11 for New York Rangers vs 10 for St.Louis Blues.
3rd period
0:01 of 3rd period - Jack Eichel wins face-off versus Nathan MacKinnon in neutral zone.
0:14 of 3rd period - Snap shot by Brayden Point.
0:14 of 3rd period - Stopped by Kevin Lankinen with a rebound.
0:16 of 3rd period - Wrist shot by Brayden Point.
0:16 of 3rd period - Shot Misses the Net.
0:48 of 3rd period - Slapshot by Conor Garland.
0:48 of 3rd period - Shot Misses the Net.
0:50 of 3rd period - Snap shot by Jake Walman.
0:50 of 3rd period - Shot Misses the Net.
0:52 of 3rd period - Backhand shot by David Kampf.
0:52 of 3rd period - Shot Misses the Net.
0:54 of 3rd period - Slapshot by Jake Walman.
0:54 of 3rd period - Deflect By David Kampf.
0:54 of 3rd period - Stopped by Scott Wedgewood with a rebound.
0:56 of 3rd period - Wrist shot by David Kampf.
0:56 of 3rd period - Stopped by Scott Wedgewood with a rebound.
0:58 of 3rd period - Slapshot by Jake McCabe.
0:58 of 3rd period - Shot Misses the Net.
1:00 of 3rd period - Slapshot by Jake McCabe.
1:00 of 3rd period - Shot Misses the Net.
1:14 of 3rd period - Mathew Barzal is hit by Alex Tuch and loses puck.
1:55 of 3rd period - Icing by Mikhail Sergachev.
1:56 of 3rd period - David Kampf wins face-off versus Jack Eichel in St.Louis Blues zone.
2:09 of 3rd period - David Kampf is hit by Brayden Point and loses puck.
2:14 of 3rd period - Wrist shot by Jack Eichel.
2:14 of 3rd period - Shot Misses the Net.
2:16 of 3rd period - Slapshot by Nick Leddy.
2:16 of 3rd period - Stopped by Kevin Lankinen without a rebound.
2:17 of 3rd period - Robert Thomas wins face-off versus Mikael Granlund in New York Rangers zone.
2:47 of 3rd period - Icing by Nikolaj Ehlers.
2:48 of 3rd period - Elias Lindholm wins face-off versus Artemi Panarin in New York Rangers zone.
2:49 of 3rd period - Wrist shot by Alex Tuch.
2:49 of 3rd period - Deflect By Elias Lindholm.
2:49 of 3rd period - Shot Blocked by Artemi Panarin.
2:49 of 3rd period - Puck is out of play.
2:50 of 3rd period - Nathan MacKinnon wins face-off versus Elias Lindholm in New York Rangers zone.
3:03 of 3rd period - Snap shot by Elias Lindholm.
3:03 of 3rd period - Stopped by Kevin Lankinen with a rebound.
3:09 of 3rd period - Wrist shot by Nathan MacKinnon.
3:09 of 3rd period - Deflect By Artemi Panarin.
3:09 of 3rd period - Shot Misses the Net.
3:09 of 3rd period - Puck is out of play.
3:10 of 3rd period - Jack Eichel wins face-off versus Mikael Granlund in St.Louis Blues zone.
3:50 of 3rd period - Adam Larsson is hit by Mark Stone and loses puck.
4:05 of 3rd period - Snap shot by Elias Lindholm.
4:05 of 3rd period - Shot Hit the Post.
4:33 of 3rd period - Snap shot by Jake Guentzel.
4:33 of 3rd period - Shot Misses the Net.
5:08 of 3rd period - Slapshot by Jake Walman.
5:08 of 3rd period - Shot Misses the Net.
5:10 of 3rd period - Wrist shot by Nathan MacKinnon.
5:10 of 3rd period - Stopped by Scott Wedgewood with a rebound.
5:12 of 3rd period - Slapshot by Artemi Panarin.
5:12 of 3rd period - Shot Misses the Net.
5:14 of 3rd period - Slapshot by Jake McCabe.
5:14 of 3rd period - Deflect By Robert Thomas.
5:14 of 3rd period - Stopped by Scott Wedgewood with a rebound.
5:48 of 3rd period - Wrist shot by Jack Eichel.
5:48 of 3rd period - Deflect By Jake Guentzel.
5:48 of 3rd period - Shot Misses the Net.
5:48 of 3rd period - Puck is out of play.
5:49 of 3rd period - Jack Eichel wins face-off versus Mikael Granlund in New York Rangers zone.
5:54 of 3rd period - Slapshot by Jake Guentzel.
5:54 of 3rd period - Stopped by Kevin Lankinen with a rebound.
6:06 of 3rd period - Alex Pietrangelo is hit by Brendan Smith and loses puck.
6:19 of 3rd period - Wrist shot by Mikael Granlund.
6:19 of 3rd period - Stopped by Scott Wedgewood with a rebound.
6:21 of 3rd period - Snap shot by Adam Larsson.
6:21 of 3rd period - Stopped by Scott Wedgewood with a rebound.
6:23 of 3rd period - Slapshot by Mikael Granlund.
6:23 of 3rd period - Deflect By Teuvo Teravainen.
6:23 of 3rd period - Shot Blocked by Jack Eichel.
6:23 of 3rd period - Puck is out of play.
6:24 of 3rd period - Nathan MacKinnon wins face-off versus Robert Thomas in St.Louis Blues zone.
6:33 of 3rd period - Snap shot by Nathan MacKinnon.
6:33 of 3rd period - Shot Misses the Net.
6:52 of 3rd period - Backhand shot by Lars Eller.
6:52 of 3rd period - Stopped by Kevin Lankinen with a rebound.
6:52 of 3rd period - Kevin Lankinen from New York Rangers is injured at 6:52 of 3rd period (Sports Hernia).
6:52 of 3rd period - Igor Shesterkin enters game.
6:53 of 3rd period - Jack Eichel wins face-off versus Mikael Granlund in New York Rangers zone.
6:56 of 3rd period - Snap shot by Jake Guentzel.
6:56 of 3rd period - Stopped by Igor Shesterkin with a rebound.
7:04 of 3rd period - Wrist shot by Jake Guentzel.
7:04 of 3rd period - Goal by Jake Guentzel - New York Rangers : 1 - St.Louis Blues : 6.
7:05 of 3rd period - Joe Pavelski wins face-off versus Jack Eichel in neutral zone.
7:09 of 3rd period - Off-side.
7:10 of 3rd period - Jack Eichel wins face-off versus Mikael Granlund in neutral zone.
8:23 of 3rd period - Wrist shot by Brayden Point.
8:23 of 3rd period - Deflect By Jack Eichel.
8:23 of 3rd period - Goal by Jack Eichel - New York Rangers : 1 - St.Louis Blues : 7.
8:24 of 3rd period - Elias Pettersson wins face-off versus Nathan MacKinnon in neutral zone.
8:32 of 3rd period - Jake McCabe beats up Jaccob Slavin.
8:32 of 3rd period - Penalty to Jaccob Slavin for Fighting.
8:32 of 3rd period - Penalty to Jake McCabe for Fighting.
8:32 of 3rd period - Penalty to Jake McCabe for instigated a fight.
8:32 of 3rd period - Penalty to Jake McCabe for instigated a fight.
8:33 of 3rd period - Robert Thomas wins face-off versus David Kampf in neutral zone.
8:46 of 3rd period - Slapshot by Robert Thomas.
8:46 of 3rd period - Deflect By Brayden Point.
8:46 of 3rd period - Stopped by Igor Shesterkin with a rebound.
8:48 of 3rd period - Wrist shot by Robert Thomas.
8:48 of 3rd period - Goal by Robert Thomas - New York Rangers : 1 - St.Louis Blues : 8.
8:49 of 3rd period - Jack Eichel wins face-off versus Nathan MacKinnon in neutral zone.
9:16 of 3rd period - Mikhail Sergachev is hit by Cam Fowler and loses puck.
9:46 of 3rd period - Off-side.
9:47 of 3rd period - Nathan MacKinnon wins face-off versus Brayden Point in neutral zone.
9:50 of 3rd period - Jake Sanderson is hit by Brendan Smith and loses puck.
11:42 of 3rd period - Slapshot by Tage Thompson.
11:42 of 3rd period - Shot Misses the Net.
11:44 of 3rd period - Wrist shot by Elias Lindholm.
11:44 of 3rd period - Stopped by Igor Shesterkin with a rebound.
11:46 of 3rd period - Snap shot by Alex Tuch.
11:46 of 3rd period - Stopped by Igor Shesterkin without a rebound.
11:47 of 3rd period - Dylan Strome wins face-off versus Elias Lindholm in New York Rangers zone.
12:08 of 3rd period - Minor Penalty to Cam Fowler for Roughing.
12:09 of 3rd period - David Kampf wins face-off versus Robert Thomas in New York Rangers zone.
12:09 of 3rd period - David Kampf is hit by Brayden Point.
13:03 of 3rd period - Slapshot by Jack Eichel.
13:03 of 3rd period - Stopped by Igor Shesterkin without a rebound.
13:04 of 3rd period - Robert Thomas wins face-off versus David Kampf in New York Rangers zone.
13:18 of 3rd period - Off-side.
13:19 of 3rd period - Mikael Granlund wins face-off versus Robert Thomas in neutral zone.
13:22 of 3rd period - Mikhail Sergachev is hit by Adam Larsson and loses puck.
13:32 of 3rd period - Penalty to Jake McCabe is over, Nikolaj Ehlers is send on ice.
13:44 of 3rd period - Off-side.
13:45 of 3rd period - David Kampf wins face-off versus Elias Lindholm in neutral zone.
13:48 of 3rd period - Mark Stone is hit by Adam Larsson and loses puck.
14:02 of 3rd period - Wrist shot by Elias Lindholm.
14:02 of 3rd period - Deflect By Mark Stone.
14:02 of 3rd period - Stopped by Igor Shesterkin with a rebound.
14:08 of 3rd period - Penalty to Cam Fowler is over, Cam Fowler is back on ice.
15:05 of 3rd period - Slapshot by Mathew Barzal.
15:05 of 3rd period - Stopped by Scott Wedgewood without a rebound.
15:06 of 3rd period - Robert Thomas wins face-off versus Dylan Strome in St.Louis Blues zone.
15:06 of 3rd period - Robert Thomas is hit by Dylan Strome.
15:36 of 3rd period - Wrist shot by Ryan Hartman.
15:36 of 3rd period - Stopped by Igor Shesterkin with a rebound.
15:38 of 3rd period - Slapshot by Colton Parayko.
15:38 of 3rd period - Stopped by Igor Shesterkin with a rebound.
16:00 of 3rd period - Slapshot by Cam Fowler.
16:00 of 3rd period - Deflect By Alex Tuch.
16:00 of 3rd period - Goal by Cam Fowler - New York Rangers : 2 - St.Louis Blues : 8.
16:01 of 3rd period - Mikael Granlund wins face-off versus Jack Eichel in neutral zone.
16:14 of 3rd period - Slapshot by Teuvo Teravainen.
16:14 of 3rd period - Deflect By Mikael Granlund.
16:14 of 3rd period - Stopped by Scott Wedgewood without a rebound.
16:15 of 3rd period - Dylan Strome wins face-off versus Jack Eichel in St.Louis Blues zone.
16:28 of 3rd period - Snap shot by Cole Caufield.
16:28 of 3rd period - Stopped by Scott Wedgewood with a rebound.
17:28 of 3rd period - Wrist shot by Jack Eichel.
17:28 of 3rd period - Stopped by Igor Shesterkin with a rebound.
17:30 of 3rd period - Slapshot by Jack Eichel.
17:30 of 3rd period - Stopped by Igor Shesterkin with a rebound.
17:42 of 3rd period - Snap shot by Jake Guentzel.
17:42 of 3rd period - Shot Blocked by Adam Larsson.
17:44 of 3rd period - Snap shot by Brayden Point.
17:44 of 3rd period - Goal by Brayden Point - New York Rangers : 2 - St.Louis Blues : 9.
17:45 of 3rd period - Nathan MacKinnon wins face-off versus Elias Pettersson in neutral zone.
17:47 of 3rd period - Minor Penalty to Nathan MacKinnon for Tripping.
17:48 of 3rd period - David Kampf wins face-off versus Elias Lindholm in New York Rangers zone.
17:48 of 3rd period - David Kampf is hit by Elias Lindholm.
17:54 of 3rd period - Icing by Elias Lindholm.
17:55 of 3rd period - Elias Lindholm wins face-off versus Tyler Motte in St.Louis Blues zone.
18:56 of 3rd period - Snap shot by Elias Lindholm.
18:56 of 3rd period - Shot Misses the Net.
18:58 of 3rd period - Backhand shot by Mikhail Sergachev.
18:58 of 3rd period - Shot Blocked by Brendan Smith.
19:00 of 3rd period - Slapshot by Mikhail Sergachev.
19:00 of 3rd period - Shot Blocked by Jake Walman.
19:42 of 3rd period - Snap shot by Tage Thompson.
19:42 of 3rd period - Stopped by Igor Shesterkin with a rebound.
19:47 of 3rd period - Penalty to Nathan MacKinnon is over, Nathan MacKinnon is back on ice.
19:56 of 3rd period - Snap shot by Elias Lindholm.
19:56 of 3rd period - Shot Misses the Net.
19:58 of 3rd period - Snap shot by Tage Thompson.
19:58 of 3rd period - Shot Misses the Net.
Goals for this period are 1 for New York Rangers vs 4 for St.Louis Blues.
Shots for this period are 10 for New York Rangers vs 20 for St.Louis Blues.
Back to the Top